 Dungeon Crawl Stone Soup version 0.31-a0-662-g684573625c (webtiles) character file.

Game seed: 18114309862863947989

1588095 Twinkles the Conqueror (level 26, 261/261 (266) HPs)
             Began as a Hill Orc Berserker on Aug 27, 2023.
             Was an Elder of Trog.
             Escaped with the Orb
             ... and 3 runes on Sept 1, 2023!
             The game lasted 03:17:16 (73867 turns).

Twinkles the Conqueror (Hill Orc Berserker)        Turns: 73867, Time: 03:17:17

HP:   261/261 (266) AC: 43    Str: 28 (30) XL:     26   Next: 82%
MP:   7/7           EV:  9    Int: 13 (16) God:    Trog [****..]
Gold: 4633          SH: 19    Dex: 10 (11) Spells: 25/25 levels left

rFire   + + .        b - +9 broad axe (antimagic)
rCold   + + .        i - +0 tower shield
rNeg    . . .        r - +4 gold dragon scales
rPois   +            B - +2 helmet {Int+3}
rElec   +            W - +2 cloak
rCorr   .            l - +0 pair of gloves
SInv    .            f - +1 pair of boots of the Playwright {rF- Will++ Dex+4}
Will    +++..        T - amulet of faith Stlth
                     j - ring "Darghe" {rElec AC+4 Slay+3}
HPRegen 0.63/turn    L - ring of Qyotazeu {Fly rF++ Int+6 Dex-5 Stlth+}
MPRegen 0.10/turn

%: random rage (3%), faith
@: flying, studying Invocations, lightly drained
A: berserk 1, cold resistance 1, mutation resistance 1, screaming 1
0: Orb of Zot
}: 3/15 runes: decaying, serpentine, silver
a: Renounce Religion, Berserk, Trog's Hand, Brothers in Arms


You escaped.
You worshipped Trog.
Trog was greatly pleased with you.
You visited 9 branches of the dungeon, and saw 45 of its levels.
You visited 1 bazaar.
You also visited: Sewer, Bailey, Ice Cave and Volcano.

You collected 6436 gold pieces.
You spent 1803 gold pieces at shops.

Inventory:

Hand Weapons
 a - the +5 broad axe of Dissatisfaction {flame, rC+ Str+6 Dex-3}
   (Trog gifted it to you on level 1 of the Swamp)

   Str+6:     It affects your strength (+6).
   Dex-3:     It affects your dexterity (-3).
   rC+:       It protects you from cold.
 b - a +9 antimagic broad axe (weapon)
 z - the +9 war axe "Lemuj" {freeze, *Corrode rElec rF+++ Stlth-}
   (You bought it in a shop in a bazaar)

   rF+++:     It renders you almost immune to fire.
   rElec:     It insulates you from electricity.
   *Corrode:  It may corrode you when you take damage.
   Stlth-:    It makes you less stealthy.
Missiles
 g - 14 javelins (quivered)
 Q - 8 silver javelins
 S - 18 curare-tipped darts
 X - a throwing net
Armour
 f - the +1 pair of boots of the Playwright (worn) {rF- Will++ Dex+4}
   (You found it on level 4 of the Depths)

   Dex+4:     It affects your dexterity (+4).
   rF-:       It makes you vulnerable to fire.
   Will++:    It greatly increases your willpower.
 i - a +0 tower shield (worn)
 l - a +0 pair of gloves (worn)
 r - +4 gold dragon scales (worn)
 B - a +2 helmet of intelligence (worn)
 W - a +2 cloak (worn)
Jewellery
 c - a ring of see invisible
 j - the ring "Darghe" (left hand) {rElec AC+4 Slay+3}
   (You found it on level 5 of the Vaults)

   [ring of protection]

   AC+4:      It affects your AC (+4).
   Slay+3:    It affects your accuracy & damage with ranged weapons and melee
   (+3).
   rElec:     It insulates you from electricity.
 o - a +4 ring of protection
 p - a +5 ring of evasion
 u - the ring "Dimeleg" {*Corrode rPois rC+ Will+}
   (You found it in an ice cave)

   [ring of willpower]

   rC+:       It protects you from cold.
   rPois:     It protects you from poison Will+: It increases your willpower.
   *Corrode:  It may corrode you when you take damage.
 L - the ring of Qyotazeu (right hand) {Fly rF++ Int+6 Dex-5 Stlth+}
   (You acquired it on level 13 of the Dungeon)

   [ring of intelligence]

   Int+6:     It affects your intelligence (+6).
   Dex-5:     It affects your dexterity (-5).
   rF++:      It greatly protects you from fire.
   Fly:       It grants you flight.
   Stlth+:    It makes you more stealthy.
 T - an amulet of faith (around neck)
 Z - a ring of resist corrosion
Wands
 d - a wand of digging (11)
 e - a wand of charming (67)
 h - a wand of acid (31)
 n - a wand of roots (49)
 y - a wand of mindburst (31)
Scrolls
 k - a scroll of revelation
 q - a scroll of summoning {unknown}
 x - 6 scrolls of poison
 D - 2 scrolls of blinking
 E - 5 scrolls of fear
 F - 9 scrolls of fog
 K - 4 scrolls of immolation
 O - 7 scrolls of silence
 V - 3 scrolls of vulnerability
 Y - 5 scrolls of teleportation
Potions
 t - 2 potions of enlightenment
 A - 6 potions of attraction
 C - 4 potions of cancellation
 G - 5 potions of ambrosia
 H - 3 potions of haste
 I - 6 potions of invisibility
 J - 16 potions of curing
 M - 4 potions of might
 N - 6 potions of heal wounds
 P - 9 potions of lignification
 R - 3 potions of resistance
Miscellaneous
 m - a phantom mirror
 s - a tin of tremorstones (2/2)
 v - a lightning rod (4/4)
 w - a phial of floods


   Skills:
 O Level 27 Fighting
 - Level 18.0 Axes
 - Level 20.0 Throwing
 - Level 19.7 Armour
 - Level 10.0 Dodging
 - Level 10.0 Stealth
 - Level 19.1 Shields
 + Level 17.0 Evocations


You had 25 spell levels left.
You didn't know any spells.
Your spell library was empty.

Dungeon Overview and Level Annotations

Branches:
Dungeon (15/15)            Temple (0/1) D:5            Lair (5/5) D:9
  Swamp (4/4) Lair:3        Snake (4/4) Lair:2        Slime (0/5) Lair:5
    Orc (2/2) D:11            Elf (0/3) Orc:2        Vaults (5/5) D:14
  Crypt (0/3) Vaults:3     Depths (4/4) D:15           Hell (visited)
    Zot (5/5) Depths:4      Sewer (visited)          Bailey (visited)
  IceCv (visited)         Volcano (visited)
    Dis: Hell:1         Geh: Hell:1         Coc: Hell:1         Tar: Hell:1

Altars:
Dithmenos
Fedhas
Hepliaklqana
Makhleb
Okawaru
Sif Muna
Xom
Zin
The Shining One
Beogh
Jiyva

Shops:
Orc:2 ?*[(   Snake:1 [   Snake:4 ?   Vaults:4 =   Depths:1 :   Depths:2 =:=
Depths:4 *

Portals:
Hell: Depths:1 Depths:2 Depths:3 Depths:4
Abyss: Depths:3
Pandemonium: Depths:2
Ziggurat: Depths:3

Annotations:
D:6 1 runed translucent door, Crazy Yiuf
D:8 exclusions: door and 2 more exclusions
D:14 Roxanne
Lair:3 2 exclusions
Hell Geryon
Zot:1 2 transporters


Innate Abilities, Weirdness & Mutations

You sometimes lose your temper in combat.
Your flesh is cold resistant. (rC+)
You are somewhat resistant to further mutation.
You occasionally shout uncontrollably at your foes.


Message History

You see here a +0 whip.
You see here a +0 whip.
HP restored. 2 sun demons come into view.
You yell at the sun demon!
The sun demon shouts!
The sun demon moves out of view.
There is a stone staircase leading up here.
You fly upwards.
Level annotation: 1 runed translucent door, Crazy Yiuf
There is a stone staircase leading down here.
What level of the Dungeon? (default 1, ? - help)
There is a stone staircase leading up here.
You fly upwards.
There is a stone staircase leading down here.
There is an open door here.
There is a stone staircase leading up here.
You fly upwards.
There is a stone staircase leading down here.
There is a stone staircase leading up here.
You fly upwards.
There is a stone staircase leading down here.
You yell at Keihapsi!
A Keihapsi, an orange demon and an Executioner come into view.
Keihapsi moves out of view.
The orange demon moves out of view.
The Executioner moves out of view.
As you read the scroll of fog, it dissolves into smoke.
Blink to where?
Press: ? - help, Dir - move target
As you read the scroll of blinking, it crumbles to dust.
You fly upwards.
There is a stone staircase leading down here.
What level of the Dungeon? (default 1, ? - help)
There is a stone staircase leading up here.
You fly upwards.
There is a stone staircase leading down here.
There is a large open door here.
There is an open door here.
There is a staircase leading out of the dungeon here.
You have escaped!

..###.# #.##........# ###
#.######## #.#....###### ###
#........# #.#....# #..
#..#####.# #......# #.#
####..#####.# ###...## #.#
##.†.......#.# ##''######## #.#
...###.##..#.# ##8..8##....# #.#
...# #.......#####..######.## #..
...# ####......#@'..'.#.....# ##.
...# #......###..###.....# #.
...# #>#....#8....8#.....####)
...# #.########..######.##....
...# #.# #.+..+.#.......... ####
#.# ###..####......##. ###
#.######8....8##.####.##. #.####
#.#...####..####.####.###
.....####.#...##÷+..+÷#....##.###


There were no monsters in sight!

Vanquished Creatures
  An ancient lich (Zot:5)
  6 orbs of fire
  A juggernaut (Depths:2)
  9 Killer Klowns
  Saint Roka (Vaults:1)
  A golden dragon (shapeshifter) (Depths:2)
  12 golden dragons
  A Tzitzimitl (D:15)
  3 electric golems
  16 tentacled monstrosities
  29 Orb Guardians
  3 liches
  6 quicksilver dragons
  A titan (Vaults:1)
  3 sphinxes
  A thorn hunter (Swamp:4)
  10 death cobs
  13 shadow dragons
  2 tengu reavers
  Kirke (D:13)
  13 storm dragons
  A daeva (Depths:4)
  Donald (Vaults:2)
  A fenstrider witch (Swamp:3)
  A demonspawn warmonger (D:13)
  11 draconian monks
  7 fire giants
  6 nagarajas
  An iron dragon (Depths:3)
  4 draconian knights
  4 draconian scorchers
  15 vault wardens
  15 frost giants
  A deep elf sorcerer (Vaults:5)
  7 draconian shifters
  A balrug (Zot:3)
  20 ironbound preservers
  A demonspawn corrupter (Zot:1)
  2 draconian stormcallers
  3 spriggan defenders (Depths:2)
  3 war gargoyles
  The ghost of hattop the Carver, a journeyman DsCK of Xom (Vaults:1)
  A formless jellyfish (shapeshifter) (Vaults:5)
  4 orc warlords
  13 stone giants
  5 reapers
  20 very ugly things
  2 vampire knights
  6 draconian annihilators
  5 ironbound thunderhulks
  A formless jellyfish (Vaults:3)
  A caustic shrike skeleton (Depths:3)
  13 green draconians
  A quicksilver ooze (shapeshifter) (Vaults:5)
  16 black draconians
  2 demonspawn black suns (Zot:4)
  3 deep elf annihilators
  A spark wasp (Depths:3)
  5 eleionomae
  A deep elf demonologist (Vaults:2)
  8 yellow draconians
  14 dire elephants
  2 lorocyprocas (Depths:2)
  13 red draconians
  A spark wasp (shapeshifter) (D:14)
  13 purple draconians
  3 bunyips
  10 white draconians
  17 ettins
  A green death (Depths:2)
  A spriggan zombie (Depths:2)
  2 blizzard demons
  Josephine (D:13)
  20 yaktaur captains
  13 fire dragons
  7 deep elf high priests
  4 rakshasas
  2 entropy weavers (Vaults:1)
  A quicksilver dragon skeleton (Depths:2)
  36 vault guards
  9 great orbs of eyes
  A spriggan air mage (Depths:3)
  2 ghost crabs
  5 catoblepae
  22 hydras
  10 ice dragons
  A salamander tyrant (Snake:4)
  10 anacondas
  2 ogre magi
  8 ironbound frosthearts
  15 centaur warriors
  11 alligators
  A spriggan skeleton (Depths:2)
  A sphinx skeleton (Depths:2)
  9 boulder beetles
  7 two-headed ogres
  5 deep troll shamans (Depths:2)
  9 naga warriors
  A demonic crawler (Zot:1)
  7 death yaks
  2 tengu warriors
  14 deep troll earth magi
  An orc high priest (Orc:1)
  A spriggan berserker (Depths:3)
  5 sun demons
  7 shock serpents
  2 deep elf knights
  15 naga sharpshooters
  A soul eater (Depths:2)
  2 fire crabs
  3 skysharks
  A sixfirhy (Depths:2)
  5 spriggans
  A storm dragon zombie (Vaults:4)
  9 hell knights
  4 skeletal warriors (D:15)
  8 iron trolls
  5 salamander mystics
  A spectral anaconda (Snake:1)
  2 death drakes (Depths:4)
  A spark wasp zombie (Depths:3)
  4 goliath frogs
  A shadow demon (Zot:1)
  3 spriggan druids
  A deep troll (shapeshifter) (Vaults:5)
  16 naga ritualists
  7 swamp dragons
  2 flayed ghosts (Depths:3)
  3 deep elf archers
  61 deep trolls
  2 lindwurms
  23 ironbound convokers
  5 wizards
  3 phantasmal warriors
  6 necromancers
  8 harpies
  A deep elf zephyrmancer (Vaults:5)
  11 mana vipers
  20 orc knights
  5 deep elf pyromancers
  A frost giant zombie (Depths:2)
  11 salamanders
  2 will-o-the-wisps (Swamp:3)
  2 oklob plants
  An orc sorcerer (Orc:2)
  A mana viper (shapeshifter) (Vaults:5)
  A shadow dragon skeleton (Vaults:4)
  2 fire giant skeletons
  48 ugly things
  21 moths of wrath
  10 manticores
  4 cyclopes
  2 ice statues (IceCv)
  36 black mambas
  6 elephants
  14 vault sentinels
  A stone giant skeleton (Vaults:4)
  17 naga magi
  An iron dragon skeleton (Depths:2)
  2 spectral sea snakes (Snake:1)
  2 torpor snails
  2 guardian serpents (Snake:4)
  3 rust devils
  A water nymph (shapeshifter) (Depths:3)
  An orange demon (Depths:2)
  A smoke demon (Depths:1)
  7 cane toads
  3 gargoyles
  A torpor snail (shapeshifter) (Vaults:4)
  Maggie (D:8)
  9 komodo dragons
  2 kobold demonologists
  Jeremiah (D:6)
  4 rime drakes
  2 unseen horrors
  4 efreet
  A tengu conjurer (D:15)
  4 freezing wraiths
  34 yaktaurs
  3 spectral nagas (Snake:1)
  A queen bee (shapeshifter) (Depths:2)
  4 trolls
  2 shadow dragon simulacra (Depths:3)
  A polar bear (Lair:4)
  6 hornets
  3 tyrant leeches
  A dream sheep (shapeshifter) (Vaults:5)
  4 saltlings (Orc:2)
  3 blink frogs
  2 spectral guardian serpents (Snake:1)
  6 dream sheep (Lair:5)
  2 guardian serpent skeletons (Snake:1)
  42 slime creatures
  A jumping spider (Vaults:5)
  3 vampires
  A ynoxinul (Depths:2)
  3 shadows
  6 water elementals (Depths:3)
  3 wyverns
  38 yaks
  A hog (D:13)
  4 humans (D:7)
  A yak (shapeshifter) (Vaults:5)
  2 chaos spawn (Depths:2)
  2 fire elementals
  A hog (shapeshifter) (Vaults:5)
  A wyvern (shapeshifter) (Vaults:5)
  5 wraiths
  5 basilisks
  11 redbacks
  2 sea snake simulacra (Snake:1)
  3 steam dragons
  4 vampire mosquitoes (Lair:3)
  Menkaure (D:4)
  A glowing shapeshifter zombie (Vaults:4)
  3 wargs (Orc:2)
  38 nagas
  2 human zombies
  14 swamp worms
  2 acid dragons
  13 water moccasins
  3 hell hounds (Depths:1)
  2 naga skeletons (Snake:1)
  An ogre skeleton (Vaults:4)
  A floating eye (Depths:2)
  5 black bears
  10 swamp drakes
  19 orc warriors
  A sky beast (D:7)
  3 boggarts (Vaults:1)
  3 ice beasts
  A human skeleton (Vaults:4)
  5 centaurs
  6 ogres
  18 wolves
  3 phantoms
  6 kobold brigands
  7 bullfrogs
  2 earth elementals (Volcano)
  2 naga simulacra (Snake:1)
  2 glowing shapeshifter simulacra (Vaults:4)
  A scorpion (D:5)
  A gnoll sergeant (D:7)
  14 wights
  A hornet simulacrum (D:15)
  20 killer bees
  6 lindwurm simulacra (IceCv)
  A howler monkey (shapeshifter) (Vaults:2)
  A howler monkey (D:9)
  An electric eel (Lair:3)
  2 jellies
  2 komodo dragon simulacra (IceCv)
  3 hounds (D:5)
  4 orc priests
  2 sleepcaps
  2 iguanas
  15 orc wizards
  9 hell rats
  5 ogre zombies (D:11)
  16 gnolls
  4 acid dragon simulacra (IceCv)
  2 adders
  2 river rats (Sewer)
  11 white imps (Lair:2)
  3 ufetubi
  3 steam dragon simulacra (IceCv)
  3 worms
  3 dart slugs
  64 orcs
  4 bats
  4 endoplasms
  4 giant cockroaches
  20 goblins
  13 hobgoblins
  2 jackals (D:3)
  5 quokkas
  13 ball pythons
  A frilled lizard (D:1)
  2 goblin skeletons (D:11)
  2 goblin zombies (D:11)
  3 hobgoblin zombies (D:11)
  13 kobolds
  4 orc skeletons (D:11)
  5 orc zombies (D:11)
  7 rats
1836 creatures vanquished.

Vanquished Creatures (collateral kills)
  2 golden dragons
  2 tentacled monstrosities
  An Ice Fiend (Depths:4)
  2 storm dragons
  Aizul (Swamp:1)
  A stone giant (Volcano)
  2 green draconians (Zot:1)
  6 hydras
  2 alligators
  2 two-headed ogres
  A centaur warrior (D:9)
  2 boulder beetles (D:13)
  3 death yaks
  An orc high priest (Orc:2)
  2 skeletal warriors (D:15)
  A spectral anaconda (Snake:1)
  A lindwurm (Swamp:4)
  A wizard (D:14)
  A swamp dragon (Swamp:2)
  An orc knight (Orc:2)
  3 ugly things (D:15)
  A manticore (Depths:1)
  2 orc sorcerers (Orc:2)
  An elephant (Lair:4)
  A naga mage (Snake:2)
  2 moths of wrath (Zot:1)
  Maurice (D:8)
  A black mamba (Snake:2)
  A rime drake (IceCv)
  3 cane toads
  A komodo dragon (Lair:2)
  An unseen horror (D:13)
  3 spectral nagas (Snake:1)
  A queen bee (Lair:2)
  A bloated husk (Swamp:1)
  2 trolls
  A tyrant leech (Swamp:1)
  7 blink frogs
  2 saltlings (Orc:2)
  2 slime creatures
  A guardian serpent skeleton (Snake:1)
  A wraith (D:13)
  2 humans (D:7)
  A spriggan (Swamp:1)
  2 hogs (D:13)
  9 yaks
  A steam dragon (Swamp:4)
  3 swamp worms
  2 nagas (Snake:1)
  A water moccasin (Lair:5)
  4 orc warriors
  A swamp drake (Swamp:4)
  An ogre (D:6)
  A centaur (D:9)
  6 wolves
  2 bullfrogs (Lair:2)
  A naga simulacrum (Snake:1)
  A wight (D:10)
  6 killer bees
  A komodo dragon simulacrum (IceCv)
  2 hounds (D:6)
  An orc priest (Orc:2)
  2 iguanas (D:6)
  2 orc wizards
  An ogre zombie (D:11)
  A naga skeleton (Snake:1)
  3 gnolls
  2 acid dragon simulacra (IceCv)
  An adder (D:6)
  A white imp (Lair:2)
  3 steam dragon simulacra (IceCv)
  14 orcs
  A jackal (D:3)
  A goblin zombie (D:11)
  A hobgoblin skeleton (D:11)
  5 kobolds
  An orc zombie (D:11)
161 creatures vanquished.

Vanquished Creatures (others)
  An ancient lich (Depths:3)
  A draconian stormcaller (Zot:2)
  A wizard (Vaults:1)
  A deep elf zephyrmancer (Vaults:2)
  A swamp dragon (Swamp:4)
  A salamander (Snake:4)
  A vault sentinel (Vaults:5)
  3 bloated husks
  2 steam dragons (Swamp:4)
  An ogre (Vaults:5)
  8 foxfires (Swamp:3)
21 creatures vanquished.

Grand Total: 2018 creatures vanquished

Notes
Turn   | Place    | Note
-------+----------+-------------------------------------------
     0 | D:1      | Twinkles the Hill Orc Berserker began the quest for the
                  | Orb.
     0 | D:1      | Reached XP level 1. HP: 19/19 MP: 1/1
   175 | D:1      | Reached XP level 2. HP: 26/27 MP: 2/2
   238 | D:1      | Found a faded altar of an unknown god.
   541 | D:1      | Reached skill level 4 in Fighting
   686 | D:2      | Reached XP level 3. HP: 27/33 MP: 3/3
   886 | D:2      | Reached XP level 4. HP: 40/40 MP: 4/4
  1140 | D:2      | Found the +16 obsidian axe {drain, demonic, Mesm Drain Fly
                  | SInv}
  1199 | D:3      | Reached ** piety under Trog
  1314 | D:3      | Reached skill level 5 in Axes
  1371 | D:3      | Reached XP level 5. HP: 47/47 MP: 5/5
  1740 | D:4      | Found a glowing drain.
  1766 | Sewer    | Entered a sewer
  2224 | D:4      | Noticed a black bear
  2224 | D:4      | Noticed a water moccasin
  2228 | D:4      | Killed a black bear
  2229 | D:4      | Reached skill level 5 in Fighting
  2229 | D:4      | Reached XP level 6. HP: 56/56 MP: 6/6
  2229 | D:4      | Noticed Menkaure
  2233 | D:4      | Killed a water moccasin
  2237 | D:4      | Reached *** piety under Trog
  2239 | D:4      | HP: 20/84 [??? (17)]
  2240 | D:4      | Killed Menkaure
  2241 | D:4      | Reached XP level 7. HP: 23/62 MP: 7/7
  2781 | D:5      | Entered Level 5 of the Dungeon
  2898 | D:5      | Noticed a wyvern
  2909 | D:5      | Reached skill level 6 in Fighting
  2935 | D:5      | Found a staircase to the Ecumenical Temple.
  2947 | D:5      | Reached skill level 5 in Armour
  2998 | D:5      | Found a glowing silver altar of Zin.
  3094 | D:5      | Identified the +10 whip of Qazlal's Wrath {venom, Drain
                  | rPois rC+++ Dex+4}
  3103 | D:5      | Reached XP level 8. HP: 61/71 MP: 8/8
  3157 | D:5      | Found a burning altar of Makhleb.
  3646 | D:6      | Reached skill level 7 in Fighting
  3675 | D:6      | Reached skill level 10 in Axes
  3713 | D:6      | Reached **** piety under Trog
  3860 | D:6      | Reached XP level 9. HP: 80/80 MP: 9/9
  3910 | D:6      | Noticed Jeremiah
  3921 | D:6      | Killed Jeremiah
  3969 | D:6      | Found a shadowy altar of Dithmenos.
  4041 | D:6      | Reached skill level 8 in Fighting
  4292 | D:6      | Found a runed translucent door.
  4293 | D:6      | Noticed Crazy Yiuf
  4601 | D:7      | Found a glowing golden altar of the Shining One.
  5082 | D:7      | Reached skill level 9 in Fighting
  5083 | D:7      | Reached XP level 10. HP: 89/91 MP: 10/10
  5451 | D:8      | Found a flagged portal.
  5464 | Bailey   | Entered a bailey
  5564 | Bailey   | Reached ***** piety under Trog
  5715 | Bailey   | Noticed an orc warlord
  5716 | Bailey   | Noticed an orc knight
  5719 | Bailey   | Noticed an orc knight
  5726 | Bailey   | HP: 28/139 [orc warlord/+8 broad axe (38)]
  5729 | Bailey   | Killed an orc warlord
  5730 | Bailey   | Reached skill level 10 in Fighting
  5734 | Bailey   | HP: 12/139 [orc knight/+0 war axe (18)]
  5735 | Bailey   | Killed an orc knight
  5742 | Bailey   | Killed an orc knight
  5743 | Bailey   | Reached skill level 15 in Axes
  5743 | Bailey   | Reached XP level 11. HP: 16/101 MP: 11/11
  6327 | D:8      | Noticed Maurice
  6342 | D:8      | Killed Maurice
  6453 | D:8      | Noticed Maggie
  6462 | D:8      | Killed Maggie
  6915 | D:9      | Found a staircase to the Lair.
  7000 | D:9      | Noticed a boulder beetle
  7009 | D:9      | Noticed a brown ugly thing
  7013 | D:9      | Killed a boulder beetle
  7014 | D:9      | Reached skill level 11 in Fighting
  7014 | D:9      | Noticed a centaur warrior
  7018 | D:9      | Noticed a two-headed ogre
  7027 | D:9      | Killed a brown ugly thing
  7031 | D:9      | Killed a centaur warrior
  7032 | D:9      | Reached skill level 10 in Armour
  7032 | D:9      | HP: 39/153 [two-headed ogre/+0 dire flail (13)]
  7034 | D:9      | Killed a two-headed ogre
  7500 | D:9      | Noticed a two-headed ogre
  7506 | D:9      | Killed a two-headed ogre
  7711 | D:9      | Identified the +10 battleaxe of Trog's Delight {antimagic,
                  | Dex+4} (Trog gifted it to you on level 9 of the Dungeon)
  7711 | D:9      | Received a gift from Trog
  8021 | Lair:1   | Entered Level 1 of the Lair of Beasts
  8137 | Lair:1   | Reached XP level 12. HP: 109/112 MP: 12/12
  8148 | Lair:1   | Reached skill level 12 in Fighting
  8757 | Lair:1   | Reached skill level 14 in Fighting
  8757 | Lair:1   | Reached XP level 13. HP: 124/124 MP: 13/13
  8891 | Lair:2   | Found a frozen archway.
  9040 | IceCv    | Entered an ice cave
  9528 | IceCv    | Noticed an ice dragon
  9547 | IceCv    | Killed an ice dragon
  9664 | IceCv    | Identified the ring "Dimeleg" {*Corrode rPois rC+ Will+}
  9734 | IceCv    | Received a gift from Trog
  9983 | Lair:2   | Found a staircase to the Snake Pit.
  9993 | Lair:2   | Reached skill level 15 in Fighting
 10075 | Lair:2   | Reached XP level 14. HP: 126/136 MP: 14/14
 10304 | Lair:2   | Reached skill level 16 in Fighting
 10612 | Lair:2   | Found a blossoming altar of Fedhas.
 10962 | Lair:3   | Received a gift from Trog
 11006 | Lair:3   | Found a staircase to the Swamp.
 11055 | Lair:3   | Reached skill level 15 in Armour
 11059 | Lair:3   | Found a dark tunnel.
 11168 | Volcano  | Entered a volcano
 11223 | Volcano  | Noticed a stone giant
 11231 | Volcano  | Killed a stone giant
 12028 | Lair:4   | Reached skill level 17 in Fighting
 13363 | Lair:5   | Entered Level 5 of the Lair of Beasts
 13845 | Lair:5   | Reached skill level 18 in Fighting
 13941 | Lair:5   | Found a staircase to the Slime Pits.
 13941 | Lair:5   | Found a viscous altar of Jiyva.
 14090 | Lair:5   | Reached XP level 15. HP: 149/149 MP: 15/15
 14287 | Lair:5   | Received a gift from Trog
 14700 | D:10     | Entered Level 10 of the Dungeon
 15181 | D:10     | Found a shimmering blue altar of Sif Muna.
 15186 | D:10     | Found a hazy altar of Hepliaklqana.
 15192 | D:10     | Found a shimmering altar of Xom.
 15192 | D:10     | Found an iron altar of Okawaru.
 15730 | D:11     | Found a staircase to the Orcish Mines.
 15824 | D:11     | Reached skill level 19 in Fighting
 16777 | D:12     | Received a gift from Trog
 16778 | D:12     | Reached skill level 1 in Evocations
 17089 | D:13     | Noticed Josephine
 17100 | D:13     | Killed Josephine
 17314 | D:13     | Noticed Kirke
 17322 | D:13     | Killed Kirke
 17392 | D:13     | Identified a scroll of acquirement
 18148 | D:14     | Found a gate to the Vaults.
 18188 | D:14     | Noticed Roxanne
 18594 | D:15     | Entered Level 15 of the Dungeon
 18617 | D:15     | Reached skill level 20 in Fighting
 18648 | D:15     | Reached skill level 5 in Evocations
 18907 | D:15     | Reached XP level 16. HP: 143/163 MP: 16/16
 19185 | D:15     | Received a gift from Trog
 19265 | D:15     | Found a staircase to the Depths.
 19788 | D:14     | Found a runed translucent door.
 20167 | D:14     | Reached skill level 21 in Fighting
 20584 | Orc:1    | Entered Level 1 of the Orcish Mines
 20879 | Orc:1    | Received a gift from Trog
 21152 | Orc:2    | Entered Level 2 of the Orcish Mines
 21402 | Orc:2    | Found a roughly hewn altar of Beogh.
 21660 | Orc:2    | Found a staircase to the Elven Halls.
 21913 | Orc:2    | Found Yxi Mono's Antique Weapon Boutique.
 21914 | Orc:2    | Paralysed by an orc sorcerer for 3 turns
 21916 | Orc:2    | Reached skill level 22 in Fighting
 21955 | Orc:2    | Found Morax's Assorted Antiques.
 21959 | Orc:2    | Found Cukhludy's Antique Armour Shoppe.
 21959 | Orc:2    | Found a roughly hewn altar of Beogh.
 22025 | Orc:2    | Bought a scroll labelled ECZIEL AXZU for 26 gold pieces
 22025 | Orc:2    | Bought a scroll labelled AFEAKKE ABIUJ for 26 gold pieces
 22025 | Orc:2    | Bought a scroll of identify for 52 gold pieces
 22048 | Orc:2    | Found Tijedgh's Magic Scroll Shoppe.
 22060 | Orc:2    | Bought a scroll of silence for 104 gold pieces
 22060 | Orc:2    | Bought a scroll of blinking for 82 gold pieces
 22060 | Orc:2    | Bought a scroll of enchant armour for 82 gold pieces
 22060 | Orc:2    | Bought a scroll of teleportation for 33 gold pieces
 22060 | Orc:2    | Bought a scroll of enchant weapon for 82 gold pieces
 22060 | Orc:2    | Bought a scroll of teleportation for 33 gold pieces
 22465 | Swamp:1  | Entered Level 1 of the Swamp
 23019 | Swamp:1  | Reached XP level 17. HP: 160/175 MP: 17/17
 23079 | Swamp:1  | Reached skill level 23 in Fighting
 23135 | Swamp:1  | Identified the +5 broad axe of Dissatisfaction {flame, rC+
                  | Str+6 Dex-3} (Trog gifted it to you on level 1 of the
                  | Swamp)
 23135 | Swamp:1  | Received a gift from Trog
 23466 | Swamp:1  | Noticed Aizul
 23475 | Swamp:1  | HP: 48/180 [Aizul (14)]
 23475 | Swamp:1  | Killed Aizul
 24490 | Swamp:2  | Reached skill level 24 in Fighting
 25632 | Swamp:4  | Entered Level 4 of the Swamp
 25762 | Swamp:4  | HP: 55/184 [goliath frog (16)]
 25767 | Swamp:4  | HP: 52/276 [poisoned by a swamp dragon (poison gas)]
 26193 | Swamp:4  | Reached skill level 25 in Fighting
 26584 | Swamp:4  | Got a decaying rune of Zot
 26785 | Snake:1  | Entered Level 1 of the Snake Pit
 26786 | Snake:1  | Upgraded the game from 0.31-a0-640-g39d97e502b to
                  | 0.31-a0-654-gbe3e110b4e
 26871 | Snake:1  | Identified the +2 broad axe "Jigaid" {flame, rElec} (Trog
                  | gifted it to you on level 1 of the Snake Pit)
 26871 | Snake:1  | Received a gift from Trog
 27155 | Snake:1  | Reached skill level 26 in Fighting
 27155 | Snake:1  | Reached XP level 18. HP: 178/196 MP: 18/18
 27270 | Snake:1  | Found Ashogeqo's Armour Shoppe.
 27595 | Snake:2  | HP: 51/198 [naga sharpshooter/bolt (18)]
 27600 | Snake:2  | HP: 57/198 [poisoned by a naga sharpshooter (splash of
                  | poison)]
 27605 | Snake:2  | HP: 48/198 [poisoned by a naga sharpshooter (splash of
                  | poison)]
 28400 | Snake:2  | Received a gift from Trog
 29002 | Snake:2  | Reached skill level 27 in Fighting
 29919 | Snake:3  | Reached skill level 10 in Evocations
 30955 | Snake:4  | Entered Level 4 of the Snake Pit
 31295 | Snake:4  | Found Nemiwe's Magic Scroll Emporium.
 31550 | Snake:4  | Bought a scroll of fog for 80 gold pieces
 31550 | Snake:4  | Bought a scroll of blinking for 150 gold pieces
 31664 | Snake:4  | Noticed a quicksilver dragon
 31681 | Snake:4  | HP: 38/200 [quicksilver dragon/bolt of dispelling energy
                  | (27)]
 31683 | Snake:4  | Killed a quicksilver dragon
 31688 | Snake:4  | HP: 29/200 [salamander mystic/bolt of magma (13)]
 32114 | Snake:4  | Reached XP level 19. HP: 174/207 MP: 19/19
 32281 | Snake:4  | Reached skill level 1 in Shields
 32630 | Snake:4  | Identified the +6 quarterstaff of the Spider {freeze, Int-2
                  | Dex+6}
 32635 | Snake:4  | Identified the ring of Quem {rN++ Will+ Dex+3 Slay-3}
 32654 | Snake:4  | HP: 61/207 [poisoned by a naga ritualist (toxic radiance)]
 32662 | Snake:4  | Reached skill level 5 in Shields
 33464 | Snake:4  | Got a serpentine rune of Zot
 34132 | Depths:1 | Entered Level 1 of the Depths
 34344 | Depths:1 | Reached skill level 10 in Shields
 34415 | Depths:1 | Found Jieritoth's One-of-a-Kind Books.
 34439 | Depths:1 | HP: 73/310 [frost giant/+0 battleaxe of freezing (23)]
 35451 | Depths:1 | Found a gateway to Hell.
 35764 | Depths:1 | Found a glowing golden altar of the Shining One.
 36065 | Depths:2 | Paralysed by a floating eye for 4 turns
 36478 | Depths:2 | Found a one-way gate leading to the halls of Pandemonium.
 36617 | Depths:2 | Received a gift from Trog
 36884 | Depths:2 | Reached XP level 20. HP: 208/216 MP: 20/20
 37144 | Depths:2 | Found an iron altar of Okawaru.
 37295 | Depths:2 | HP: 55/216 [cyan very ugly thing (25)]
 37680 | Depths:2 | Received a gift from Trog
 38113 | Depths:2 | Reached skill level 15 in Shields
 38672 | Depths:2 | Found Wyzorph's Jewellery Boutique.
 38672 | Depths:2 | Found Tijedgh's Book Emporium.
 38673 | Depths:2 | Found Limeocuw's Jewellery Boutique.
 38946 | Depths:3 | Found a one-way gate to the infinite horrors of the Abyss.
 39695 | Depths:2 | HP: 58/216 [spriggan defender/+2 vampiric lajatang (20)]
 39697 | Depths:2 | HP: 26/216 [spriggan defender/+2 vampiric lajatang (27)]
 39700 | Depths:2 | HP: 4/324 [spriggan defender/+2 vampiric lajatang (19)]
 40046 | Depths:2 | HP: 60/216 [tengu warrior/+0 war axe (8)]
 40211 | Depths:3 | Noticed an ancient lich
 40211 | Depths:3 | Noticed a golden dragon
 40219 | Depths:3 | Noticed a golden dragon
 40219 | Depths:3 | Killed an ancient lich
 40221 | Depths:3 | Noticed a golden dragon
 40226 | Depths:3 | Noticed a juggernaut
 40227 | Depths:3 | Killed a golden dragon
 40227 | Depths:3 | Killed a golden dragon
 40229 | Depths:3 | Received a gift from Trog
 40230 | Depths:3 | HP: 93/324 [spriggan air mage (6)]
 40233 | Depths:3 | HP: 38/324 [spark wasp/living lightning (14)]
 40609 | Depths:3 | Reached XP level 21. HP: 224/224 MP: 21/21
 40733 | Depths:3 | Noticed a caustic shrike
 40735 | Depths:3 | a caustic shrike changed into an acid blob
 40737 | Depths:3 | an acid blob changed into a shard shrike
 40737 | Depths:3 | Noticed a shard shrike (glowing shapeshifter)
 40741 | Depths:3 | a shard shrike changed into a titan
 40755 | Depths:2 | Killed a juggernaut
 41598 | Depths:2 | Killed a golden dragon
 41600 | Depths:2 | HP: 94/336 [poison (poison gas)]
 41602 | Depths:2 | HP: 41/224 [poison (poison gas)]
 41938 | Depths:3 | a shadow dragon changed into a golden dragon
 41938 | Depths:3 | Noticed a golden dragon (glowing shapeshifter)
 41949 | Depths:2 | a golden dragon changed into an iron dragon
 41968 | Depths:2 | a frost giant changed into a golden dragon
 41968 | Depths:2 | Noticed a golden dragon (glowing shapeshifter)
 41975 | Depths:2 | Killed a golden dragon
 42457 | Depths:3 | Reached skill level 1 in Throwing
 42962 | Depths:3 | Found a one-way gateway to a ziggurat.
 43001 | Depths:4 | Entered Level 4 of the Depths
 43228 | Depths:4 | HP: 62/223 [death drake] (7)]
 43233 | Depths:4 | HP: 47/334 [poisoned by a death drake (dark miasma)]
 43238 | Depths:4 | HP: 49/336 [poisoned by a death drake (dark miasma)]
 43571 | Depths:4 | Noticed a golden dragon
 44101 | Depths:4 | Noticed a golden dragon
 44257 | Depths:4 | Killed a golden dragon
 44262 | Depths:4 | HP: 65/224 [poison (poison gas)]
 44267 | Depths:4 | HP: 56/224 [poison (poison gas)]
 44272 | Depths:4 | HP: 54/224 [poison (poison gas)]
 44634 | Depths:4 | Noticed a golden dragon
 44646 | Depths:4 | Reached skill level 5 in Throwing
 44664 | Depths:3 | HP: 66/224 [black draconian/+0 war axe (5)]
 45077 | Depths:4 | HP: 62/208 [poison (poison gas)]
 45082 | Depths:4 | HP: 41/208 [poison (poison gas)]
 45087 | Depths:4 | HP: 37/208 [poison (poison gas)]
 45447 | Depths:4 | Killed a golden dragon
 47267 | Depths:4 | Found Sylliura's Blood Bar.
 47327 | Depths:4 | Reached XP level 22. HP: 150/233 MP: 22/22
 47537 | Depths:4 | Killed a golden dragon
 47628 | Depths:4 | Found a gate to the Realm of Zot.
 47649 | Depths:4 | Identified the +1 pair of boots of the Playwright {rF-
                  | Will++ Dex+4}
 48072 | D:13     | Acquired the ring of Qyotazeu {Fly rF++ Int+6 Dex-5 Stlth+}
 48140 | D:14     | Upgraded the game from 0.31-a0-654-gbe3e110b4e to
                  | 0.31-a0-656-gb4d89c20fa
 48200 | Vaults:1 | Entered Level 1 of the Vaults
 48353 | Vaults:1 | Reached skill level 1 in Stealth
 48505 | Vaults:1 | Noticed Saint Roka
 48518 | Vaults:1 | Killed Saint Roka
 48673 | Vaults:1 | Found a flickering gateway to a bazaar.
 48722 | Bazaar   | Entered a bazaar
 48722 | Bazaar   | Found Ycaqid's Jewellery Shoppe.
 48891 | Bazaar   | Found Niffybbuumo's Jewellery Boutique.
 48901 | Bazaar   | Bought the ring "Nihiemat" {rElec rPois rF- Int-5 SInv} for
                  | 157 gold pieces
 48902 | Bazaar   | Found Idek's Antique Weapon Boutique.
 48908 | Bazaar   | Bought a bloodstained war axe for 221 gold pieces
 48908 | Bazaar   | Identified the +9 war axe "Lemuj" {freeze, *Corrode rElec
                  | rF+++ Stlth-} (You bought it in a shop in a bazaar)
 48914 | Bazaar   | Found Ympaerid's Assorted Antiques.
 48915 | Bazaar   | Found Yraikh's Weapon Boutique.
 48917 | Bazaar   | Bought a scroll of revelation for 180 gold pieces
 48924 | Bazaar   | Bought 3 silver javelins for 297 gold pieces
 48924 | Bazaar   | Bought 2 silver javelins for 198 gold pieces
 49003 | Vaults:1 | Found a runed translucent door.
 49005 | Vaults:1 | Noticed hattop's ghost (journeyman DsCK)
 49077 | Vaults:1 | Killed hattop's ghost
 49979 | Vaults:1 | Reached skill level 5 in Stealth
 50335 | Vaults:1 | You fall into a shaft and drop 1 floor!
 50372 | Vaults:2 | Received a gift from Trog
 50391 | Vaults:2 | Reached skill level 10 in Throwing
 50571 | Vaults:2 | Noticed Donald
 50580 | Vaults:2 | Killed Donald
 50881 | Vaults:2 | Identified the +0 chain mail "Qaelyol" {rF+ Will+ MP-9}
 50908 | Vaults:2 | Received a gift from Trog
 51540 | Vaults:2 | Reached XP level 23. HP: 240/240 MP: 23/23
 51986 | Vaults:2 | HP: 70/240 [dire elephant (4)]
 52490 | Vaults:2 | Upgraded the game from 0.31-a0-656-gb4d89c20fa to
                  | 0.31-a0-662-g684573625c
 52630 | Vaults:3 | Reached ****** piety under Trog
 52639 | Vaults:3 | Reached skill level 5 in Dodging
 52889 | Vaults:3 | Received a gift from Trog
 54094 | Vaults:3 | Found a staircase to the Crypt.
 54285 | Vaults:4 | Identified the +4 war axe of Vanity {flame, Dex+4} (Trog
                  | gifted it to you on level 4 of the Vaults)
 54285 | Vaults:4 | Received a gift from Trog
 54380 | Vaults:4 | Found Fichamp's Jewellery Shop.
 55168 | Vaults:4 | Identified the +10 trident of Pessimism {antimagic, rC-
                  | Will++ SInv Stlth+} (Trog gifted it to you on level 4 of
                  | the Vaults)
 55168 | Vaults:4 | Received a gift from Trog
 55535 | Vaults:5 | Entered Level 5 of the Vaults
 56037 | Vaults:4 | Reached XP level 24. HP: 201/249 MP: 23/23
 56473 | Vaults:5 | Identified the ring "Darghe" {rElec AC+4 Slay+3}
 56496 | Vaults:5 | Received a gift from Trog
 57870 | Vaults:5 | Identified the +2 robe "Doph" {Harm Will+ Dex+3 Slay+2}
 58131 | Vaults:5 | Identified the +4 short sword "Carphaf" {pain, rN+ Will-
                  | Str+4 Int+2}
 58191 | Vaults:5 | Reached skill level 15 in Throwing
 58504 | Vaults:5 | Identified the staff "Beastslayer" {rPois Int+4 Poison}
 58504 | Vaults:5 | Identified the +9 chain mail "Cuken" {Will+}
 58559 | Vaults:5 | Received a gift from Trog
 58782 | Vaults:5 | Got a silver rune of Zot
 59831 | Hell     | Entered the Vestibule of Hell
 59831 | Hell     | Noticed Geryon
 60576 | Zot:1    | Entered Level 1 of the Realm of Zot
 60947 | Zot:1    | Identified the +7 trident of Extinguishment {speed, +Blink
                  | rC+ Int+3}
 61103 | Zot:1    | HP: 50/249 [black draconian/bolt of lightning (32)]
 61110 | Zot:1    | HP: 68/249 [green draconian/+0 war axe[a green draconian
                  | monk] (2)]
 61217 | Zot:1    | HP: 63/249 [storm dragon/bolt of lightning (17)]
 61223 | Zot:1    | HP: 84/373 [storm dragon (1)]
 61777 | Zot:1    | Found a transporter.
 61954 | Zot:1    | Found a transporter.
 62033 | Zot:2    | Reached XP level 25. HP: 240/257 MP: 23/23
 62832 | Zot:2    | Noticed an orb of fire
 62851 | Zot:2    | Killed an orb of fire
 63603 | Zot:3    | HP: 50/257 [purple draconian shifter/bolt of dispelling
                  | energy (41)]
 63608 | Zot:3    | HP: 49/385 [black draconian knight/bolt of lightning[a
                  | purple draconian shifter] (23)]
 63616 | Zot:3    | Reached skill level 10 in Stealth
 65559 | Zot:3    | Gained mutation: You occasionally lose the ability to drink
                  | potions when taking damage. [mutagenic glow]
 65568 | Zot:3    | HP: 90/360 [green draconian monk (26)]
 65574 | Zot:3    | HP: 63/360 [poisoned by a green draconian monk]
 65577 | Zot:3    | Gained mutation: You are dopey. (Int -2) [mutagenic glow]
 65579 | Zot:3    | Reached skill level 10 in Dodging
 65579 | Zot:3    | HP: 59/361 [poisoned by a green draconian monk]
 65585 | Zot:3    | Gained mutation: Your natural rate of healing is unusually
                  | fast. [mutagenic glow]
 65596 | Zot:3    | Gained mutation: You sometimes lose your temper in combat.
                  | [mutagenic glow]
 65755 | Zot:3    | Lost mutation: You occasionally lose the ability to drink
                  | potions when taking damage. [potion of mutation]
 65755 | Zot:3    | Lost mutation: Your natural rate of healing is unusually
                  | fast. [potion of mutation]
 65755 | Zot:3    | Gained mutation: You are somewhat resistant to further
                  | mutation. [potion of mutation]
 65755 | Zot:3    | Gained mutation: Your muscles are strong. (Str +4, Int/Dex
                  | -1) [potion of mutation]
 66006 | Zot:4    | Identified the +8 mace "Wiarcham" {drain, *Noise Int+2
                  | Dex+7}
 66076 | Zot:4    | Noticed an orb of fire
 66088 | Zot:4    | Killed an orb of fire
 67182 | Zot:4    | Identified the +4 giant spiked club "Woxocil" {protect,
                  | Fragile rF+ rC- Int+6}
 67594 | Zot:5    | Entered Level 5 of the Realm of Zot
 68689 | Zot:5    | Noticed a Killer Klown
 68708 | Zot:5    | Killed a Killer Klown
 68999 | Zot:5    | Identified the +0 ring mail of the Sea {Dex+2}
 69297 | Zot:5    | Reached XP level 26. HP: 266/266 MP: 7/23
 69371 | Zot:5    | Noticed a Killer Klown
 69729 | Zot:5    | Killed a Killer Klown
 70008 | Zot:5    | Noticed a Killer Klown
 70038 | Zot:5    | Killed a Killer Klown
 70042 | Zot:5    | Noticed an orb of fire
 70056 | Zot:5    | Gained mutation: Your flesh is cold resistant. (rC+) [an
                  | orb of fire]
 70309 | Zot:5    | Killed an orb of fire
 70431 | Zot:5    | Noticed a Killer Klown
 70444 | Zot:5    | Killed a Killer Klown
 70508 | Zot:5    | Noticed a Killer Klown
 70533 | Zot:5    | Killed a Killer Klown
 70549 | Zot:5    | Noticed a Killer Klown
 70577 | Zot:5    | Noticed an orb of fire
 70592 | Zot:4    | Killed a Killer Klown
 70640 | Zot:5    | Noticed a Killer Klown
 70994 | Zot:5    | Noticed an orb of fire
 71005 | Zot:4    | Killed an orb of fire
 71048 | Zot:5    | Noticed a Killer Klown
 71062 | Zot:4    | HP: 110/399 [Orb Guardian (18)]
 71415 | Zot:5    | Killed an orb of fire
 71527 | Zot:4    | Received a gift from Trog
 71598 | Zot:5    | Killed a Killer Klown
 71726 | Zot:4    | Killed a Killer Klown
 71815 | Zot:5    | Noticed an ancient lich
 71818 | Zot:5    | Noticed an orb of fire
 71953 | Zot:5    | Noticed a Killer Klown
 71956 | Zot:5    | Killed an ancient lich
 71957 | Zot:5    | Reached skill level 15 in Evocations
 72154 | Zot:4    | Killed an orb of fire
 72242 | Zot:5    | Killed a Killer Klown
 73149 | Zot:5    | Lost mutation: You are dopey. (Int -2) [potion of mutation]
 73149 | Zot:5    | Lost mutation: Your muscles are strong. (Str +4, Int/Dex
                  | -1) [potion of mutation]
 73149 | Zot:5    | Gained mutation: You occasionally shout uncontrollably at
                  | your foes. [potion of mutation]
 73151 | Zot:5    | Got the Orb of Zot
 73176 | Zot:5    | Noticed Jyextaum the pandemonium lord
 73296 | Zot:1    | HP: 104/399 [???[a demonspawn corrupter] (102)]
 73344 | Depths:4 | Identified the +4 tower shield of Watchfulness {rPois rCorr
                  | MP-9 Dex-5}
 73819 | D:3      | Noticed Keihapsi the pandemonium lord
 73867 | D:$      | Escaped with the Orb!

Illustrated notes

Levels and vault maps discovered:
D:1:      wander_arrival_abandoned_jail, layout_loops_cross,
          ebering_ecumenical_altar_mist
D:2:      layout_basic
D:3:      layout_rooms, hangedman_decor_growths
D:4:      layout_basic, portal_sewer_entry_b, minmay_manual_moon, uniq_menkaure
D:5:      layout_basic, overflow_temple_1_default, kennysheep_mini_moat,
          minmay_temple_entry_tees, serial_curves, eino_curves_02,
          eino_curves_03, lightli_corner_chamber
D:6:      layout_basic, kennysheep_little_box, minmay_diced_spiral,
          uniq_crazy_yiuf_cottage, uniq_jeremiah
D:7:      layout_rooms, mainiacjoe_overflow_cross_hatched, minmay_ruffians
D:8:      layout_gridville, enter_bailey_5, uniq_maurice, uniq_maggie
D:9:      nzn_winding_woodlands_small [nzn_winding_woodlands_5x15_garden,
          nzn_winding_woodlands_center_triple_pond,
          nzn_winding_woodlands_5x15_jagged], layout_loops_corners,
          lair_entry_dummy
D:10:     layout_loops_corners, grunt_temple_overflow_open
D:11:     layout_stronghold, zombieorc1_lemuel, dpeg_stationary_puzzle
D:12:     layout_basic
D:13:     layout_irregular_city, uniq_kirke, uniq_josephine
D:14:     layout_cave_pods, hellmonk_vaults_attempted_burglary, minivault_24,
          minivault_13, uniq_roxanne
D:15:     grunt_enter_depths_giant_problem, layout_loops_ring,
          small_statue_intersection, minmay_circle_x
Lair:1:   layout_chaotic_city, serial_bayou_lagoon_a
Lair:2:   layout_cave_pods, guppyfry_snake_entry_garden,
          portal_ice_cave_entry_imps, special_room [special_room_bee],
          tgw_fedhas, grunt_megastairs_4, serial_bayou_shore_a
Lair:3:   layout_misc_corridors, minmay_swamp_entry_swarm, enter_volcano_2
Lair:4:   layout_small_grid, grunt_megastairs_1
Lair:5:   evilmike_catoblepas_cave, layout_regular_city, slime_entry_1
Swamp:1:  layout_basic_swamp, infiniplex_staircase_pool, hangedman_swamp_grove,
          uniq_aizul
Swamp:2:  layout_basic_swamp, hangedman_swamp_ruin_wall, swamp_pool5,
          st_swamp_mini
Swamp:3:  layout_falls_marsh, nicolae_swamp_very_dense_foliage
Swamp:4:  swamp_fiery, layout_basic_swamp
Snake:1:  layout_rooms, serial_shops, shop,
          nicolae_snake_the_dead_are_slithering
Snake:2:  nicolae_snake_crotalidae_crossing, layout_misc_corridors,
          nicolae_snake_single_loop
Snake:3:  layout_gridlike
Snake:4:  hellmonk_snake_rune_quicksilver_temple, layout_cave_town,
          serial_shops, shop_coins, nicolae_snake_naga_rites
Orc:1:    layout_caves
Orc:2:    hellmonk_orc_salted, layout_caves, basic_altar
Vaults:1: ebering_ghost_reflecting_pool, nicolae_vaults_security_offices_3,
          ontoclasm_vaults_ring_small, nicolae_vaults_little_squares_3,
          nicolae_vaults_surprise_closet, nicolae_vaults_sightless_eye,
          vaults_room_door_hall, vaults_dpeg_spiral, hangedman_vaults_trim,
          nicolae_vaults_two_Ls, ontoclasm_vaults_chip, layout_vaults_quadrants,
          serial_shops, bzr_entry_dummy, uniq_saint_roka
Vaults:2: grunt_vaults_bifocal, vaults_mumra_minichess_inversion,
          hangedman_vaults_restitches, v_misc_19,
          nicolae_vaults_twisting_passages, nicolae_vaults_wrenched,
          nicolae_vaults_spaceships, ontoclasm_vaults_misaligned,
          vaults_standard_mumra_lines, v_misc_15, vaults_room_guarded_vault,
          layout_vaults_maze, uniq_donald
Vaults:3: nicolae_vaults_trapezoid_lopsided_3, ontoclasm_vaults_pinch,
          v_rooms_5, nicolae_vaults_heist, nicolae_vaults_apartment_2,
          nicolae_vaults_mini_display_case, layout_vaults_chaotic_city,
          dummy_crypt_entry
Vaults:4: v_misc_30, hangedman_vaults_stream, hangedman_vaults_slice,
          vaults_room_fours, hangedman_vaults_stagger, nicolae_vaults_six-pack,
          nicolae_vaults_hexular_roomagon, nicolae_vaults_tetromino_Z_1,
          nicolae_vaults_theta, layout_vaults_ring, serial_shops, shop
Vaults:5
Depths:1: layout_roguey [special_room_mythical_zoo], hangedman_coc_ice_floe,
          marbit_kobold_abyss_entry, kennysheep_cross_room, st_stairs_13,
          grunt_decor_one_mirror, nicolae_rare_books, tso_altar,
          infiniplex_staircase_pool_lava
Depths:2: grunt_bruiser_brothers, layout_cave_shapes, rand_demon_pan_entry_3,
          hell_entry, infiniplex_staircase_zigzag_2,
          kennysheep_okawaru_gauntlet, minmay_shop_grove
Depths:3: minmay_heptahexagon, layout_cave_pools, enter_ziggurat_e, abyss_entry,
          grunt_hell_entry_dis_mu
Depths:4: lemuel_castle_with_subvaults [lemuel_castle_interior_carwin_2],
          layout_gridlike, grunt_decor_clamped, hell_entry, guppyfry_shop_blood
Hell
Zot:1:    gammafunk_its_a_trap, layout_misc_corridors
Zot:2:    layout_gridville
Zot:3:    layout_cathedral_of_symmetry
Zot:4:    dreamdust_black_sun_cult, layout_cellular_growth, st_stairs_8,
          grunt_megastairs_3
Zot:5:    layout_basic, bh_zot_lava_cross

Skill      XL: |  1  2  3  4  5  6  7  8  9 10 11 12 13 14 15 16 17 18 19 20 21 22 23 24 25 26 |
---------------+-------------------------------------------------------------------------------+-----
Fighting       | 4 5 6 7 9 10 11 14 15 18 20 22 26 27 | 27.0
Dodging        | 2 3 4 5 8 10 | 10.0
Armour         | 3 4 5 6 7 9 10 12 14 16 17 18 19 | 19.7
Axes           | 5 6 7 8 10 12 15 17 18 | 18.0
Evocations     | 5 8 12 14 17 | 17.0
Shields        | 12 18 19 | 19.1
Throwing       | 6 11 14 15 18 20 | 20.0
Stealth        | 5 9 10 | 10.0

Action                     |  1- 3 |  4- 6 |  7- 9 | 10-12 | 13-15 | 16-18 | 19-21 | 22-24 | 25-27 || total
---------------------------+-------+-------+-------+-------+-------+-------+-------+-------+-------++-------
  Melee: Hand axe          |    14 |       |       |       |       |       |       |       |       ||    14
         War axe           |    28 |     7 |       |       |       |       |       |   625 |       ||   660
         Broad axe         |       |    64 |   109 |   208 |   681 |   906 |  1096 |  1069 |  1130 ||  5263
         Punch             |       |       |       |     4 |     9 |    10 |       |       |       ||    23
         Unarmed           |       |       |       |       |       |       |       |       |     1 ||     1
  Throw: Javelin           |       |       |       |       |       |       |     1 |    15 |    84 ||   100
 Invoke: Berserk           |     1 |     1 |     2 |     2 |    10 |    16 |    26 |    15 |    10 ||    83
         Trog's Hand       |       |       |     2 |     2 |     8 |    15 |    12 |    24 |    10 ||    73
         Brothers in Arms  |       |       |       |       |       |     4 |     2 |     6 |     7 ||    19
  Evoke: Wand              |       |       |       |       |       |    15 |     1 |       |     6 ||    22
         Tin of tremorston |       |       |       |       |       |     1 |     2 |       |       ||     3
    Use: Scroll            |       |       |       |     9 |     8 |    15 |     6 |    16 |     8 ||    62
         Potion            |       |       |       |     1 |       |     9 |     6 |     2 |    12 ||    30
   Stab: Distracted        |       |     1 |     1 |       |     4 |    14 |       |       |     1 ||    21
         Fleeing           |       |       |       |       |       |       |       |     1 |       ||     1
         Invisible         |       |       |       |       |       |       |       |       |     1 ||     1
 Armour: Animal skin       |     5 |       |       |       |       |       |       |       |       ||     5
         Ring mail         |     3 |    12 |    39 |    68 |    39 |       |       |       |       ||   161
         Chain mail        |       |    20 |     8 |       |   208 |   557 |   412 |       |       ||  1205
         Leather armour    |       |       |       |       |    44 |       |       |       |       ||    44
         Storm dragon scal |       |       |       |       |       |       |   123 |       |       ||   123
         Gold dragon scale |       |       |       |       |       |       |    84 |   915 |   884 ||  1883
         Skin              |       |       |       |       |       |       |       |       |     6 ||     6
  Dodge: Dodged            |    21 |    30 |    47 |    72 |   262 |   661 |   497 |   488 |   260 ||  2338
  Block: Tower shield      |       |       |       |       |       |       |   928 |  1401 |   783 ||  3112

Table legend: (Time is in decaauts)
 A = Elapsed time spent in this place.
 B = Non-inter-level travel time spent in this place.
 C = Inter-level travel time spent in this place.
 D = Time resting spent in this place.
 E = Time spent auto-exploring this place.
 F = Levels seen in this place.
 G = Mean time per level.
                   A        B        C        D        E       F      G
               +--------+--------+--------+--------+--------+-----+--------+
         Total |  73969 |  67085 |   6884 |  15989 |  37514 |  50 | 1479.4 |
       Dungeon |  14946 |  12651 |   2295 |    190 |  10387 |  15 |  996.4 |
          Lair |   5870 |   5174 |    696 |    278 |   3898 |   5 | 1174.0 |
         Swamp |   4277 |   4035 |    242 |   1026 |   2343 |   4 | 1069.2 |
     Snake Pit |   7226 |   6862 |    364 |   1345 |   4477 |   4 | 1806.5 |
  Orcish Mines |   1689 |   1554 |    135 |     13 |   1296 |   2 |  844.5 |
        Vaults |  10470 |   9943 |    527 |   1264 |   5663 |   5 | 2094.0 |
        Depths |  14584 |  13071 |   1513 |   5890 |   4901 |   4 | 3646.0 |
          Hell |     26 |     26 |      0 |      0 |      0 |   1 |   26.0 |
           Zot |  12841 |  11732 |   1109 |   5727 |   3259 |   5 | 2568.2 |
        Bazaar |    213 |    213 |      0 |      0 |    204 |   1 |  213.0 |
         Sewer |    115 |    115 |      0 |      0 |     57 |   1 |  115.0 |
        Bailey |    578 |    578 |      0 |      0 |    450 |   1 |  578.0 |
      Ice Cave |    861 |    861 |      0 |    251 |    408 |   1 |  861.0 |
       Volcano |    268 |    268 |      0 |      0 |    170 |   1 |  268.0 |
               +--------+--------+--------+--------+--------+-----+--------+

Top non-repeatable levels by time:
Depths:2: 6344 daAuts
   Zot:4: 4770 daAuts
Depths:4: 2944 daAuts
Depths:3: 2896 daAuts
   Zot:5: 2666 daAuts
 Snake:4: 2647 daAuts
Vaults:5: 2505 daAuts
Depths:1: 2399 daAuts
Vaults:1: 2267 daAuts
Vaults:4: 1984 daAuts
   Zot:2: 1978 daAuts
    D:14: 1915 daAuts
   Zot:3: 1896 daAuts
Vaults:3: 1862 daAuts
Vaults:2: 1850 daAuts
